 Dungeon Crawl Stone Soup version 0.29.1-2-gbd0b4ee654 (webtiles) character file.

Game seed: 3340869081289459373

151 croobank the Caller (level 5, 0/38 HPs)
             Began as a Demonspawn Summoner on Nov 15, 2022.
             Slain by Pikel
             ... wielding a +2 whip of flaming
              (4 damage)
             ... on level 4 of the Dungeon.
             The game lasted 00:07:35 (3818 turns).

croobank the Caller (Demonspawn Summoner)           Turns: 3818, Time: 00:07:35

Health: 0/38       AC:  2    Str:  8    XL:     5   Next: 10%
Magic:  1/18       EV: 12    Int: 19    God:
Gold:   151        SH:  0    Dex: 13    Spells: 0/9 levels left

rFire   . . .      SeeInvis .   a - +4 dagger (venom)
rCold   . . .      Faith    .   (no shield)
rNeg    + . .      Spirit   .   c - +0 robe
rPois   .          Reflect  .   (no helmet)
rElec   .          Harm     .   (no cloak)
rCorr   .          Rampage  .   (no gloves)
Will    .....                   (no boots)
Stlth   ++........              (no amulet)
HPRegen 0.12/turn               m - ring of magical power
MPRegen 0.16/turn               p - ring of positive energy

@: no status effects
A: spiny 1
a: no special abilities


You were on level 4 of the Dungeon.
You visited 1 branch of the dungeon, and saw 4 of its levels.

You collected 151 gold pieces.

Inventory:

Hand Weapons
 a - a +4 dagger of venom (weapon)
 b - a +0 sling
 e - a +0 vampiric rapier
 h - the +4 whip of Mourning {antimagic, Fragile rF++ rC- Int+3 SInv}
   (You found it on level 3 of the Dungeon)

   It reduces the magical energy of the wielder, and disrupts the spells and
   magical abilities of those it strikes.
   Natural abilities and divine invocations are not affected.
   Int:       It affects your intelligence (+3).
   rF:        It greatly protects you from fire.
   rC:        It makes you vulnerable to cold.
   SInv:      It lets you see invisible.
   Fragile:   It will be destroyed if unequipped.
 q - a +0 quarterstaff
Armour
 c - a +0 robe (worn)
Jewellery
 m - a ring of magical power (left hand)
 p - a ring of positive energy (right hand)
Scrolls
 d - a scroll of vulnerability
Potions
 f - a potion of magic
 g - 2 potions of flight {unknown}
 j - 2 potions of ambrosia {unknown}
 k - 3 potions of curing {unknown}
 l - a potion of mutation {unknown}
 n - 2 potions of degeneration {unknown}
 o - a potion of might {unknown}


   Skills:
 + Level 1.9 Fighting
 + Level 2.6 Dodging
 + Level 2.8 Stealth
 + Level 2.8 Spellcasting
 + Level 0.0 Hexes
 + Level 4.5 Summonings


You couldn't memorise any spells.
You knew the following spells:

 Your Spells              Type           Power      Damage    Failure   Level
a - Summon Small Mammal   Summ           80%        N/A       2%          1
b - Call Imp              Summ           20%        N/A       3%          2
c - Call Canine Familiar  Summ           20%        N/A       7%          3
d - Summon Guardian Gole  Hex/Summ       11%        N/A       19%         3

Your spell library contained the following spells:

 Spells                   Type           Power      Damage    Failure   Level
 Blink                    Tloc           4%         N/A       24%         2
 Sublimation of Blood     Necr           2%         N/A       24%         2
 Wereblood                Tmut           2%         N/A       24%         2
 Lesser Beckoning         Tloc           2%         N/A       43%         3
 Summon Lightning Spire   Summ/Air       11%        N/A       52%         4
 Manifold Assault         Tloc           2%         N/A       99%         5
 Summon Hydra             Summ           10%        N/A       100%        7


Dungeon Overview and Level Annotations

Branches:
Dungeon (4/15)
 Temple: D:4-7

Altars:
Fedhas

Shops:
D:3 :

Annotations:
D:4 Pikel


Innate Abilities, Weirdness & Mutations

You are partially covered in sharp spines.


Message History

Pikel cracks his whip.
Pikel misses your hound. Something hits your hound.
Casting: Call Imp (safe; 3% risk of failure)
Confirm with . or Enter, or press ? or * to list all spells.
You don't have enough magic to cast this spell.
Casting: Call Imp (safe; 3% risk of failure)
Confirm with . or Enter, or press ? or * to list all spells.
Your hound bites Pikel.
Pikel hits your hound with a +2 whip of flaming.
Pikel burns your hound. Something hits your hound.
As you read the scroll of enchant weapon, it crumbles to dust.
Your +3 dagger of venom glows red for a moment.
Your hound bites Pikel.
Pikel hits your hound with a +2 whip of flaming!
Pikel burns your hound.
Your hound dies!
Your hound's corpse disappears in a puff of smoke!
You swap places.
You closely miss Pikel.
Pikel is lightly wounded.
Your quokka bites Pikel but does no damage.
Pikel hits you with a +2 whip of flaming!
Pikel burns you.
You swap places.
Your quokka bites Pikel but does no damage.
Pikel hits you with a +2 whip of flaming.
Pikel burns you.
* * * LOW HITPOINT WARNING * * *
Your quokka bites Pikel.
The lemure hits your quokka.
Your quokka dies!
Your quokka's corpse disappears in a puff of smoke!
You hit Pikel.
Pikel is poisoned.
Pikel is moderately wounded.
Pikel closely misses you. The lemure completely misses you.
You hit Pikel but do no damage.
Pikel looks as sick as possible!
Pikel is moderately wounded.
Pikel hits you with a +2 whip of flaming!
* * * LOW HITPOINT WARNING * * *
Pikel burns you.
You die...

...........##
............#
............#
............#
...........# .#
#........####
...####...5ยง......
.......5K55..#
##.....#@...#
###)..###### ##.X##
#..)# ##K)# #).#
#5.# ##.### #.5.##


You could see Pikel (extremely poisoned) and 4 lemures.

Vanquished Creatures
  An adder (D:2)
  2 ufetubi (D:4)
  2 worms
  2 orcs
  A ball python (D:3)
  3 bats (D:2)
  4 endoplasms
  2 hobgoblins
  2 jackals (D:3)
  A quokka (D:3)
  A kobold (D:2)
  3 rats
24 creatures vanquished.

Vanquished Creatures (collateral kills)
  A nameless horror (D:4)
  A jelly (D:4)
  An orc wizard (D:4)
  An adder (D:2)
  4 orcs
  2 ball pythons
  An endoplasm (D:1)
  2 giant cockroaches
  3 goblins
  2 hobgoblins (D:4)
  3 kobolds
  2 quokkas
  2 bats
  4 frilled lizards
  3 rats
32 creatures vanquished.

Grand Total: 56 creatures vanquished

Notes
Turn   | Place    | Note
-------+----------+-------------------------------------------
     0 | D:1      | croobank the Demonspawn Summoner began the quest for the
                  | Orb.
     0 | D:1      | Reached XP level 1. HP: 13/13 MP: 3/3
   310 | D:1      | Gained mutation: You are partially covered in sharp spines.
                  | [demonic ancestry]
   310 | D:1      | Reached XP level 2. HP: 17/20 MP: 1/5
   317 | D:1      | Learned a level 2 spell: Call Imp
   383 | D:1      | Found a faded altar of an unknown god.
  1532 | D:2      | Reached skill level 1 in Fighting
  1532 | D:2      | Reached XP level 3. HP: 26/26 MP: 1/6
  1536 | D:2      | Learned a level 3 spell: Call Canine Familiar
  2146 | D:3      | Identified the +4 whip of Mourning {antimagic, Fragile rF++
                  | rC- Int+3 SInv}
  2286 | D:3      | Found Adekh's Vocational Training.
  2434 | D:3      | Found a blossoming altar of Fedhas.
  2915 | D:3      | Reached XP level 4. HP: 29/32 MP: 7/7
  3627 | D:4      | Reached XP level 5. HP: 21/38 MP: 7/9
  3632 | D:4      | Learned a level 3 spell: Summon Guardian Golem
  3772 | D:4      | Noticed Pikel
  3772 | D:4      | Noticed a lemure
  3772 | D:4      | Noticed a lemure
  3772 | D:4      | Noticed a lemure
  3773 | D:4      | Noticed a nameless horror
  3776 | D:4      | Noticed a lemure
  3810 | D:4      | Killed a nameless horror
  3818 | D:4      | Slain by Pikel

Illustrated notes

Levels and vault maps discovered:
D:1:      dpeg_arrival_oval, layout_basic, shapermc_ecumenical_altar_notcrosses
D:2:      layout_loops_cross
D:3:      layout_loops_corners, fedhas_ov_isle_minmay, nicolae_shop_vocational
D:4:      layout_cave_pods, lemuel_doored_altar,
          nicolae_ru_the_path_less_chosen, minmay_temple_entry_drinking_statues,
          serial_shops, shop, chequers_serial_rivers_micro_c,
          kennysheep_generic_room_16, uniq_pikel

Skill      XL: |  1  2 |
---------------+-------+-----
Stealth        | 2 |  2.8
Dodging        | 2 |  2.6
Fighting       | 1 |  1.9
Spellcasting   | |  2.8
Summonings     | |  4.5

Action                   |  1- 3 |  4- 6 || total
-------------------------+-------+-------++-------
Melee: Dagger            |    29 |    24 ||    53
 Cast: Summon Small Mamm |    36 |     8 ||    44
       Call Imp          |    11 |     4 ||    15
       Call Canine Famil |     3 |     5 ||     8
  Use: Scroll            |     4 |     1 ||     5
 Stab: Sleeping          |     4 |       ||     4
Armor: Robe              |     6 |     3 ||     9
Dodge: Dodged            |    19 |    14 ||    33
